Map: Sequencer LE

Players

eXile - Winner!

  • Race: Zerg Zerg
  • League: Platinum
  • Spawn Location: 1:00

pNzAreCheats

  • Race: Terran Terran
  • League: Platinum
  • Spawn Location: 7:00

VOD

Have the link to the VOD?

Description

Time

  • Played on: July 13, 2017, 3:50 p.m.
  • Length: 6:58
Show
View Real Time Build Order
Export as new Build Order

eXile Zerg - Winner!

Build Orders: Hatch First, Zergling Baneling 

Get SALT Encoding   

  12  0:01  Drone  
  13  0:13  Overlord  
  13  0:24  Drone  
  14  0:33  Drone x2  
  16  0:41  Drone  
  17  0:54  Hatchery  
  16  1:01  Drone  
  16  1:04  Extractor  
  16  1:09  Drone  
  17  1:23  Drone  
  18  1:27  Spawning Pool  
  17  1:43  Drone  
  17  1:44  Drone x2  
  20  1:58  Overlord  
  20  2:13  Queen  
  20  2:14  Queen  
  24  2:15  Metabolic Boost  
  24  2:17  Zergling x4  
  26  2:27  Drone x3  
  29  2:45  Drone  
  29  2:46  Drone x2  
  29  2:49  Overlord  
  32  3:11  Hatchery  
  31  3:18  Evolution Chamber  
  31  3:19  Drone x4, Baneling Nest  
  33  3:27  Pneumatized Carapace  
  33  3:32  Drone x3  
  36  3:49  Queen  
  38  3:55  Zergling x2  
  38  3:56  Zergling x6  
  42  4:04  Drone x2  
  42  4:06  Overlord  
  42  4:08  Overlord  
  44  4:22  Queen  
  46  4:35  Drone x6  
  46  4:36  Drone x5  
  57  4:39  Zergling x6  
  57  4:42  Baneling  
  57  4:43  Baneling x3  
  58  4:46  Baneling x4  
  58  4:47  Zergling x2  
  58  4:48  Zergling x2  
  58  4:50  Zergling x2  
  58  4:51  Zergling x2  
  62  4:56  Extractor  
  62  4:57  Extractor  
  60  5:13  Overlord x3  
  52  5:33  Zergling x2  
  52  5:34  Zergling x18  
  32  6:04  Zergling x2  
  32  6:05  Zergling x10  
  32  6:17  Zergling x4  
  32  6:18  Zergling x4  
  36  6:23  Zergling x4  
Show
View Real Time Build Order
Export as new Build Order

pNzAreCheats Terran 

Build Orders:  

Get SALT Encoding   

  12  0:01  SCV  
  13  0:13  SCV  
  14  0:20  Supply Depot  
  14  0:25  SCV  
  15  0:32  Refinery  
  15  0:37  Refinery  
  15  0:41  SCV  
  16  0:53  SCV  
  17  1:11  Barracks  
  17  1:17  SCV  
  18  1:40  SCV  
  19  1:50  Barracks  
  19  1:52  SCV  
  20  2:04  SCV  
  20  2:06  Barracks Reactor  
  21  2:13  Factory  
  21  2:16  SCV  
  21  2:20  Supply Depot  
  22  2:25  Supply Depot  
  22  2:30  Orbital Command  
  22  2:40  Marine  
  22  2:42  Marine  
  24  2:56  SCV  
  25  3:13  Cyclone x2  
  25  3:14  Marine  
  25  3:15  Marine  
  33  3:23  Supply Depot  
  33  3:32  Marine  
  33  3:33  Marine  
  35  3:45  Supply Depot  
  35  3:47  Cyclone x2  
  41  3:50  Marine  
  42  3:56  Marine  
  43  4:07  Supply Depot  
  43  4:08  Marine  
  44  4:14  Marine  
  45  4:19  Cyclone x2  
  51  4:38  Marine  
  51  4:40  Marine  
  53  4:51  Cyclone x2  
  59  5:03  Marine  
  59  5:04  Marine  
  61  5:24  Marine x2  
  61  5:25  Cyclone  
  61  5:27  Cyclone  
  63  5:29  SCV  
  52  5:36  Supply Depot  
  51  5:47  SCV  
  52  5:57  Cyclone  
  54  5:59  Marine, Cyclone  
  54  6:00  SCV  
  54  6:01  Marine  
  39  6:16  Marine  
  35  6:25  SCV  
Tags
 
Add a new tag
Caveats
  • Supply blocks, unpowered buildings, or Contaminate may cause inaccurate times.
  • Supply counts are checked every 10 seconds.